 Dungeon Crawl Stone Soup version 0.21-a0-58-g625dad4 (webtiles) character file.

360796 MackTheKnife the Fighter (level 22, 0/119 HPs)
             Began as a Gnoll Skald on June 15, 2017.
             Was the Champion of Kikubaaqudgha.
             Killed from afar by a wretched star (32 damage)
             ... with an orb of energy
             ... on level 3 of the Abyss on June 16, 2017.
             The game lasted 02:59:38 (59259 turns).

MackTheKnife the Fighter (Gnoll Skald)             Turns: 59259, Time: 02:59:38

Health: 0/119      AC: 19    Str: 12      XL:     22   Next: 44%
Magic:  0/25       EV: 21    Int: 23 (24) God:    Kikubaaqudgha [******]
Gold:   1206       SH: 10    Dex: 24      Spells: 1/41 levels left

rFire    + . .     SeeInvis .   a - +9 morningstar of the Unliving {drain, Str+3}
rCold    + . .     Gourm    .   N - +2 buckler
rNeg     + + +     Faith    .   P - +4 ring mail {rC+}
rPois    +         Spirit   +   j - +2 helmet
rElec    +         Reflect  .   K - scarf {Spirit}
rCorr    .         Harm     .   S - +2 pair of gloves {Dex+3}
MR       ++++.     Rnd*Rage +   y - +2 pair of boots
Stlth    +++++.....             W - amulet "Saenod" {rElec Regen+ Str-5 Int+2 Dex+7}
HPRegen  0.00/turn              U - ring "Imynn" {Wiz rF+ rN+++ Stlth+}
MPRegen  0.19/turn              A - ring of Qomotot {*Drain rPois MR+++ Int+7 Dex+4}

@: berserk cooldown
A: short attention span, fangs 1, [berserk 3], [blurry vision 3], [clumsy 2],
[deformed body], [deterioration 2], [frail 3], [low mp 3], [inhibited
regeneration], [weak 2], [subdued magic 2], [MP-powered wands], strong nose
}: 2/15 runes: barnacled, gossamer
a: Receive Corpses, Torment, Brand Weapon With Pain, Receive Necronomicon,
Renounce Religion


You were on level 3 of the Abyss.
You worshipped Kikubaaqudgha.
Kikubaaqudgha was exalted by your worship.
You were very hungry.

You visited 8 branches of the dungeon, and saw 39 of its levels.
You visited the Abyss 1 time.
You visited 1 bazaar.
You also visited: Ice Cave.

You collected 5457 gold pieces.
You spent 4251 gold pieces at shops.

Inventory:

Hand Weapons
 a - the +9 morningstar of the Unliving (weapon) {drain, Str+3}
   (You found it on level 11 of the Dungeon)

   A truly terrible weapon, it drains the life of those it strikes.
   It affects your strength (+3).
 V - a +5 demon trident of electrocution
   (You took it off a deep elf annihilator on level 3 of the Elven Halls)
Armour
 j - a +2 helmet (worn)
   (You found it on level 1 of the Dungeon)
 y - a +2 pair of boots (worn)
   (You bought it in a shop on level 6 of the Dungeon)
 K - a scarf of spirit shield (worn)
   (You found it on level 11 of the Dungeon)
 N - a +2 buckler (worn)
   (You took it off a deep elf knight on level 2 of the Elven Halls)
 P - a +4 ring mail of cold resistance (worn)
   (You took it off an orc on level 2 of the Orcish Mines)
 S - a +2 pair of gloves of dexterity (worn)
   (You found it on level 3 of the Elven Halls)
Magical Staves
 b - an uncursed staff of wizardry {wiz+, !a}
   (You took it off a centaur warrior on level 12 of the Dungeon)
Jewellery
 f - an uncursed ring of wizardry {unknown}
   (You found it on level 3 of the Elven Halls)
 h - the amulet of Loxtuf {RegenMP rC+, unknown}
   (You took it off a deep elf blademaster on level 3 of the Elven Halls)

   [amulet of magic regeneration]

   It increases your magic regeneration.
   It protects you from cold.
 A - the ring of Qomotot (right hand) {*Drain rPois MR+++ Int+7 Dex+4}
   (You bought it in a shop on level 2 of the Orcish Mines)

   [ring of dexterity]

   It affects your intelligence (+7).
   It affects your dexterity (+4).
   It protects you from poison.
   It affects your resistance to hostile enchantments.
   It causes draining when unequipped.
 B - the ring "Obruz" {rC+ Int+4}
   (You found it on level 3 of the Elven Halls)

   [ring of intelligence]

   It affects your intelligence (+4).
   It protects you from cold.
 U - the ring "Imynn" (left hand) {Wiz rF+ rN+++ Stlth+}
   (You found it on level 6 of the Lair of Beasts)

   [ring of wizardry]

   It improves your spell success rate.
   It protects you from fire.
   It renders you almost immune to negative energy.
   It makes you more stealthy.
 W - the amulet "Saenod" (around neck) {rElec Regen+ Str-5 Int+2 Dex+7}
   (You bought it in a shop on level 1 of the Vaults)

   [amulet of regeneration]

   It affects your strength (-5).
   It affects your intelligence (+2).
   It affects your dexterity (+7).
   It insulates you from electricity.
   It increases your rate of regeneration.
Wands
 m - a wand of digging (11/24)
   (You took it off an orc on level 2 of the Vaults)
 w - a wand of clouds (3/9)
   (You found it on level 2 of the Shoals)
 L - a wand of paralysis (13/24)
   (You found it on level 5 of the Dungeon)
Scrolls
 e - 6 scrolls of immolation {!r}
 i - a scroll of holy word {!r}
 l - 5 scrolls of identify
 n - 6 scrolls of amnesia
 r - 7 scrolls of recharging
 z - 2 scrolls of fog
 G - 5 scrolls of teleportation
 J - a scroll of fear
 M - 2 scrolls of magic mapping {!r}
 T - 12 scrolls of remove curse
 X - 3 scrolls of enchant weapon
Potions
 g - 4 potions of cancellation
 k - 8 potions of ambrosia
 q - 3 potions of resistance
 s - 4 potions of curing
 u - a potion of agility
 v - 8 potions of lignification {!q}
 C - a potion of heal wounds
 D - a potion of might
 H - a potion of haste
 I - 4 potions of berserk rage {!q}
 R - 2 potions of brilliance
Miscellaneous
 o - a phial of floods
   (You found it on level 1 of the Orcish Mines)
 p - 2 phantom mirrors
 E - a fan of gales
   (You found it on level 3 of the Lair of Beasts)
 O - a sack of spiders
 Q - 4 boxes of beasts
Comestibles
 c - 2 royal jellies
 d - 9 bread rations {@e1}
 t - 8 fruits
 x - 8 meat rations {@e2}


   Skills:
 + Level 13.4 Fighting
   Level 10.0 Long Blades
 - Level 11.8(12.0) Maces & Flails
 - Level 7.8(8.6) Polearms
 - Level 7.9(10.9) Staves
 - Level 11.3 Armour
 - Level 12.0 Dodging
 - Level 10.1 Stealth
 - Level 10.1 Shields
 - Level 10.0 Spellcasting
 - Level 7.3 Hexes
 - Level 7.0 Charms
 - Level 10.0 Necromancy
 - Level 10.0 Ice Magic
 - Level 9.1 Evocations


You had one spell level left.
You knew the following spells:

 Your Spells              Type           Power        Failure   Level  Hunger
a - Infusion              Chrm           ####         1%          1    None
b - Simulacrum            Ice/Necr       #####.....   8%          6    ######.
c - Confuse               Hex            ####....     1%          3    None
d - Dispel Undead         Necr           #####...     1%          5    ####...
e - Cigotuvi's Embrace    Necr           #####.....   1%          5    ####...
f - Spectral Weapon       Hex/Chrm       ####....     1%          3    None
g - Agony                 Necr           #####...     1%          5    ####...
h - Apportation           Tloc           #.....       2%          1    None
i - Metabolic Englaciati  Hex/Ice        ####......   2%          5    ####...
j - Blink                 Tloc           N/A          4%          2    None
r - Regeneration          Chrm/Necr      ####......   1%          3    None
z - Animate Skeleton      Necr           N/A          1%          1    None


Dungeon Overview and Level Annotations

Branches:
Dungeon (15/15)            Temple (0/1) D:5            Lair (6/6) D:8
 Shoals (4/4) Lair:3       Spider (4/4) Lair:3        Slime (0/5) Lair:5
    Orc (2/2) D:10            Elf (3/3) Orc:2        Vaults (4/5) D:13
  Crypt (0/3) Vaults:2     Depths (1/5) D:15

Altars:
Elyvilon
Gozag
Hepliaklqana
Kikubaaqudgha
Nemelex Xobeh
Ru
Sif Muna
Trog
Vehumet
Yredelemnul
Jiyva

Shops:
D:6 }*   Orc:1 [?:!*   Orc:2 =*%!%   Elf:2 (   Elf:3 =   Shoals:3 :((
Vaults:1 *=**   Vaults:2 *[%(

Annotations:
D:3 exclusion: goblin, MackTheKnife's ghost, amateur GnSk
D:10 1 exclusion
Lair:4 exclusion: oklob plant
Shoals:4 ??????, Angani's ghost, adept DrIE; Ilsuiw
Elf:3 exclusion: upstairs
Vaults:1 1 exclusion
Depths:1 exclusion: great orb of eyes


Innate Abilities, Weirdness & Mutations

You have a short attention span.
You have very sharp teeth.
Your uncanny sense of smell can sniff out nearby items.
[You have an uncontrollable temper.]
[Scrolls take you much longer to read.]
[You are very clumsy. (Dex -4)]
[Armour fits poorly on your strangely shaped body.]
[Your body often deteriorates upon taking damage.]
[You are extremely frail. (-30% HP)]
[Your magical capacity is extremely low. (-30% MP)]
[You do not regenerate when monsters are visible.]
[You are very weak. (Str -4)]
[Your spells are easier to cast, but less powerful.]
[You expend magic power (3 MP) to strengthen your wands.]


Message History

Your quicksilver dragon simulacrum barely misses the raiju.
A rakshasa comes into view. It is wielding a trident.
You impale the raiju!!
You kill the raiju!
Kikubaaqudgha accepts your kill.
You see here a killer bee corpse.
Unknown command.
You feel a strong urge to attack something.
A green very ugly thing comes into view.
Unknown command.
A meliai comes into view. It is wielding a hand axe.
Items here: )) [[ a war axe; a robe; a hand axe; a robe Unknown command.
You feel your anger subside.
You are no longer berserk.
You are exhausted.
You feel yourself slow down.
You now have 42/170 hp.
Your magical effects are unravelling.
You feel magically purged.
Your magical contamination has completely faded away.
You feel yourself speed up.
The meliai calls down the wrath of its god upon you.
Something smites you!
* * * LOW HITPOINT WARNING * * *
The meliai calls down the wrath of its god upon you.
Something smites you!
* * * LOW HITPOINT WARNING * * *
The green very ugly thing tentacle-slaps you!
* * * LOW HITPOINT WARNING * * *
Your quicksilver dragon simulacrum barely misses the green very ugly thing.
Your quicksilver dragon simulacrum claws the green very ugly thing but does no damage.
You take 26 damage, and have 16/170 hp.
You now have 1/28 mp.
You feel much better.
Your quicksilver dragon simulacrum bites the green very ugly thing!
Your quicksilver dragon simulacrum freezes the green very ugly thing!!
Your quicksilver dragon simulacrum claws the green very ugly thing!
Your quicksilver dragon simulacrum freezes the green very ugly thing!!!
The green very ugly thing misses you.
The wretched star pulses with an eldritch light!
You feel frail. x2
The meliai mumbles some strange prayers to its god against you.
Something smites you!
* * * LOW HITPOINT WARNING * * *
You regained 13 hp, and now have 29/136 hp.
You now have 0/28 mp.
Your quicksilver dragon simulacrum bites the green very ugly thing!
The green very ugly thing dies!
Kikubaaqudgha accepts your kill.
The green very ugly thing tentacle-slaps your quicksilver dragon simulacrum.
Your quicksilver dragon simulacrum bites the meliai.
Your quicksilver dragon simulacrum freezes the meliai!!
The meliai dies!
Kikubaaqudgha accepts your kill.
Unknown command.
You don't have enough magic to cast that spell.
Okay, then.
Unknown command.
Really read with blurry vision while enemies are nearby?
Okay, then.
Your quicksilver dragon simulacrum bites the green very ugly thing!
Your quicksilver dragon simulacrum freezes the green very ugly thing!!
Your quicksilver dragon simulacrum claws the green very ugly thing!
Your quicksilver dragon simulacrum freezes the green very ugly thing!
Your quicksilver dragon simulacrum bites the wretched star but does no damage.
Your quicksilver dragon simulacrum claws the wretched star but does no damage.
The green very ugly thing tentacle-slaps your quicksilver dragon simulacrum!
Really read with blurry vision while enemies are nearby?
Your quicksilver dragon simulacrum bites the green very ugly thing!
Your quicksilver dragon simulacrum freezes the green very ugly thing!!
Your quicksilver dragon simulacrum claws the green very ugly thing.
Your quicksilver dragon simulacrum freezes the green very ugly thing!!!
The green very ugly thing dies!
Kikubaaqudgha accepts your kill.
Your quicksilver dragon simulacrum bites the wretched star!
Your quicksilver dragon simulacrum freezes the wretched star!
The wretched star resists.
Your quicksilver dragon simulacrum barely misses the wretched star.
You begin reading the scroll.
You continue reading the scroll.
Your quicksilver dragon simulacrum bites the wretched star!
Your quicksilver dragon simulacrum freezes the wretched star!!
The wretched star resists.
Your quicksilver dragon simulacrum claws the wretched star but does no damage.
Your quicksilver dragon simulacrum closely misses the wretched star.
Your quicksilver dragon simulacrum claws the wretched star.
Your quicksilver dragon simulacrum freezes the wretched star!
The wretched star resists.
The wretched star pulses with an eldritch light!
You feel less energetic.
You feel frail.
The wretched star pulses with an eldritch light!
You feel your magical essence link to your wands.
Your regeneration stops near monsters.
Your quicksilver dragon simulacrum bites the wretched star!
The wretched star is destroyed!
Kikubaaqudgha accepts your kill.
You continue reading the scroll.
The wretched star glows turbulently.
The orb of energy hits you!
You die...
Kikubaaqudgha rasps: "You have failed me!
Welcome... death!"

##.## §###. ## ##
..#...# §.#...#...# .
.....R......... .
≈≈#≈≈.#.....∩..*...≈
. ≈≈≈≈≈.#≈≈#§§...≈≈§≈
. ...#...÷†##R.>..#..
#.
.......†.)§..........
## #....)#Z........
.. #..#..
##@.......... #
##.####.../.#..... #
∆ .. ##...## . . ...
. # ....#.. . # .....
. ......... .......
.#####.. #... #.# ..
##.. # # .≈ .. ## ≈ .


You could see a wretched star, an efreet and a friendly quicksilver dragon
simulacrum.

Vanquished Creatures
  Bai Suzhen (Shoals:3)
  Nikola (Vaults:1)
  Arachne (Spider:2)
  The ghost of kroki the Basher, an adept GnBe of Trog (Vaults:4)
  A tentacled monstrosity (Depths:1)
  Rupert (Lair:3)
  3 deep elf blademasters
  A deep elf master archer (Elf:3)
  A lich (Vaults:2)
  Frances (D:12)
  A storm dragon (Vaults:1)
  Aizul (Spider:2)
  10 deep elf sorcerers
  2 emperor scorpions (Spider:4)
  9 vault wardens
  5 fire giants
  A deep elf elementalist (Elf:3)
  4 orc warlords (Orc:1)
  4 ironheart preservers
  A very ugly thing (Abyss:3)
  7 stone giants
  5 entropy weavers
  3 deep elf demonologists (Elf:3)
  A spark wasp (Spider:3)
  3 deep elf annihilators (Elf:3)
  Azrael (D:12)
  A dire elephant (Lair:6)
  An ettin (Vaults:1)
  3 fire dragons
  4 deep elf death magi
  An ettin (shapeshifter) (Vaults:3)
  2 merfolk impalers
  A merfolk javelineer (Shoals:2)
  Erolcha (D:10)
  The ghost of rexbael the Severer, a journeyman HOMo of Beogh (Lair:1)
  3 deep elf high priests (Elf:3)
  Josephine (D:13)
  3 ice dragons
  2 great orbs of eyes
  Harold (Lair:3)
  9 ogre magi
  11 vault guards
  8 hydras
  9 yaktaur captains
  33 two-headed ogres
  A catoblepas (D:15)
  4 death knights
  A merfolk aquamancer (Shoals:3)
  12 dancing weapons
  5 centaur warriors
  Erica (Lair:1)
  12 death yaks
  A satyr (Shoals:4)
  A thrashing horror (Abyss:3)
  Nergalle (Lair:3)
  3 orc high priests
  10 deep elf knights
  2 small abominations
  A fire crab (shapeshifter) (D:13)
  3 shadow wraiths
  4 unseen horrors
  The ghost of rexbael the Cleaver, a novice HOFi of Makhleb (D:7)
  2 flayed ghosts
  6 skeletal warriors
  A hell knight (Abyss:2)
  3 deep trolls (Vaults:1)
  5 sea snakes
  A glowing orange brain (Vaults:2)
  6 wizards
  7 starcursed masses
  A glowing orange brain (shapeshifter) (D:12)
  A tengu zombie (Vaults:4)
  16 deep elf archers
  7 necromancers
  Pikel (D:6)
  4 harpies (Vaults:2)
  20 ironbrand convokers
  A lindwurm (Lair:6)
  20 wolf spiders
  22 orc knights
  7 orc sorcerers
  8 orb spiders
  42 deep elf magi
  7 fauns
  18 ugly things
  2 salamanders (shapeshifter)
  7 cyclopes
  A manticore (shapeshifter) (Elf:1)
  A tengu skeleton (Vaults:4)
  5 manticores
  4 merfolk sirens
  4 elephants (Lair:5)
  A worldbinder (Abyss:3)
  3 black mambas
  2 ice statues (IceCv)
  2 moths of wrath
  17 vault sentinels
  4 centaur zombies
  6 water nymphs
  8 spiny frogs
  7 torpor snails
  3 rime drakes
  25 yaktaurs
  2 ice devils (Orc:1)
  6 freezing wraiths
  10 demonic crawlers
  A hellwing (Abyss:2)
  A redback zombie (D:15)
  7 komodo dragons
  5 ancient zymes
  A meliai (shapeshifter) (Vaults:3)
  A yaktaur skeleton (Vaults:4)
  3 meliai (Abyss:3)
  A tengu conjurer (D:14)
  2 tengu simulacra
  A troll (shapeshifter) (Vaults:2)
  25 jumping spiders
  A human skeleton (Vaults:4)
  21 trolls
  15 merfolk
  A harpy skeleton (D:15)
  4 tyrant leeches (Lair:6)
  9 hornets
  9 polar bears (Lair:6)
  7 wind drakes
  5 raiju
  7 snapping turtles
  13 hippogriffs
  9 dream sheep (Lair:5)
  A meliai zombie (D:15)
  6 slime creatures
  13 blink frogs
  A spriggan (D:7)
  2 water elementals
  Sigmund (D:3)
  56 redbacks
  2 air elementals (Elf:3)
  A shadow (D:14)
  A redback (shapeshifter) (Vaults:4)
  A yak (shapeshifter) (Vaults:2)
  28 tarantellas
  8 wraiths
  49 yaks
  5 wyverns
  19 humans (D:13)
  5 hungry ghosts
  4 basilisks
  10 fire elementals
  2 vampire mosquitoes (D:14)
  7 large abominations
  Menkaure (D:5)
  24 wargs
  Edmund (D:5)
  An acid dragon (D:12)
  15 water moccasins
  A soldier ant (shapeshifter) (D:12)
  17 hell hounds
  A floating eye (shapeshifter) (Vaults:1)
  9 porcupines
  81 orc warriors
  12 black bears
  12 ice beasts
  3 phantoms
  A black bear (shapeshifter) (Vaults:3)
  28 ogres
  2 necrophages
  3 sky beasts
  A slave (D:6)
  2 eyes of draining
  10 boggarts
  17 wolves
  17 centaurs
  A centaur (shapeshifter) (Vaults:1)
  Blork the orc (D:4)
  A big kobold (shapeshifter) (D:13)
  An elf zombie (Elf:1)
  15 crocodiles
  A big kobold (D:12)
  22 bullfrogs
  2 earth elementals (Elf:2)
  4 scorpions
  A wyvern skeleton (D:12)
  11 killer bees
  12 wights
  8 howler monkeys
  3 electric eels (D:10)
  9 crimson imps
  A yaktaur simulacrum (Vaults:1)
  3 bullfrog zombies
  3 hounds
  2 quasits
  Crazy Yiuf (D:6)
  2 iron imps
  2 jellies
  5 centaur skeletons
  29 orc priests
  A bullfrog skeleton (D:13)
  2 human simulacra
  2 iguanas
  31 orc wizards
  9 worker ants
  2 worker ant zombies
  22 adders
  6 gnolls
  A river rat (D:3)
  5 shadow imps
  5 oozes
  4 worms
  2 dart slugs
  9 leopard geckos
  157 orcs
  2 ball pythons (D:1)
  11 bats
  4 giant cockroaches
  14 goblins
  13 hobgoblins
  7 jackals
  11 kobolds
  5 quokkas
  4 frilled lizards
  A jackal skeleton (D:5)
  A jackal zombie (D:5)
  A leopard gecko skeleton (D:5)
  13 rats
  A crawling corpse (Elf:3)
  4 plants
1674 creatures vanquished.

Vanquished Creatures (collateral kills)
  Jorgrun (Vaults:1)
  3 vault wardens
  A deep elf sorcerer (Elf:3)
  4 emperor scorpions
  2 ironheart preservers (Vaults:1)
  Louise (Spider:3)
  2 very ugly things (Abyss:3)
  2 entropy weavers
  A stone giant (Vaults:2)
  3 deep elf annihilators
  A lorocyproca (Abyss:3)
  A merfolk javelineer (Shoals:3)
  A merfolk impaler (Shoals:3)
  A yaktaur captain (Vaults:3)
  A deep elf high priest (Elf:3)
  2 ogre magi (Vaults:1)
  A rakshasa (Vaults:3)
  A centaur warrior (Orc:2)
  3 merfolk aquamancers
  13 two-headed ogres
  A death knight (Vaults:4)
  2 merfolk avatars (Shoals:2)
  2 skeletal warriors (Vaults:2)
  2 wretched stars (Abyss:3)
  2 large abominations (Abyss:3)
  2 deep trolls (Vaults:1)
  A sea snake (Shoals:1)
  A deep elf archer (Elf:3)
  2 orc knights (Vaults:1)
  2 deep elf magi
  4 orb spiders
  7 ugly things
  6 wolf spiders
  A faun (Shoals:2)
  2 slime creatures (Vaults:1)
  A merfolk siren (Shoals:3)
  2 vault sentinels
  12 yaktaurs
  2 demonic crawlers
  14 jumping spiders
  10 merfolk
  A meliai (Abyss:3)
  2 hornets
  2 snapping turtles
  7 water elementals
  33 redbacks
  11 tarantellas
  A steam dragon (shapeshifter) (Vaults:1)
  An ettin simulacrum (Vaults:1)
  6 orc warriors
  7 starcursed masses (Abyss:3)
  5 ogres
  A boggart (Vaults:3)
  3 centaurs (Vaults:2)
  A small abomination (Abyss:3)
  A killer bee (Abyss:3)
  A jelly (D:9)
  2 orc wizards (Orc:2)
  2 orc priests (Orc:2)
  5 orcs
  A spectral weapon (Spider:4)
216 creatures vanquished.

Vanquished Creatures (others)
  2 fire giants
  A deep elf elementalist (Elf:3)
  A water elemental (Elf:3)
  An orc warrior (Orc:2)
  A slave (D:6)
  An ogre (D:6)
  A centaur (Orc:2)
  A jelly (D:6)
  3 orc wizards
  3 orcs
  4 fungi
  56 plants
  89 spectral weapons
  4 tentacles (Shoals:1)
168 creatures vanquished.

Grand Total: 2058 creatures vanquished

Notes
Turn   | Place    | Note
-------+----------+-------------------------------------------
     0 | D:1      | MackTheKnife the Gnoll Skald began the quest for the Orb.
     0 | D:1      | Reached XP level 1. HP: 18/18 MP: 5/5
    16 | D:1      | Reached skill level 4 in Long Blades
    30 | D:1      | Reached XP level 2. HP: 21/24 MP: 6/6
   158 | D:1      | Reached skill level 5 in Long Blades
   223 | D:1      | Reached XP level 3. HP: 14/29 MP: 8/8
   730 | D:1      | Reached skill level 6 in Long Blades
   957 | D:2      | Reached XP level 4. HP: 35/35 MP: 9/9
  1041 | D:2      | Found an opulent altar of Gozag.
  1042 | D:2      | Found a sparkling altar of Nemelex Xobeh.
  1873 | D:3      | Reached skill level 7 in Long Blades
  1924 | D:3      | Noticed MackTheKnife's ghost (amateur GnSk)
  1992 | D:3      | HP: 3/35 [MackTheKnife's ghost (22)]
  2337 | D:3      | Reached XP level 5. HP: 29/41 MP: 10/10
  2425 | D:3      | Found a faded altar of an unknown god.
  2432 | D:3      | Became a worshipper of Kikubaaqudgha
  2432 | D:3      | Reached * piety under Kikubaaqudgha
  2432 | D:3      | Identified Kikubaaqudgha's Catalogue of Darkness (Kikubaaqudgha gifted it to you on level 3 of the Dungeon)
  2432 | D:3      | Received a gift from Kikubaaqudgha
  2546 | D:3      | HP: 10/41 [river rat (7)]
  2881 | D:3      | Reached skill level 5 in Charms
  2898 | D:3      | HP: 10/41 [adder (4)]
  2905 | D:3      | HP: 4/41 [poisoned by an adder]
  2912 | D:2      | HP: 3/41 [poisoned by an adder]
  3257 | D:3      | Reached XP level 6. HP: 41/47 MP: 11/11
  3302 | D:3      | Learned a level 3 spell: Spectral Weapon
  3312 | D:3      | Found a basalt altar of Yredelemnul.
  3615 | D:3      | Reached skill level 4 in Dodging
  3680 | D:3      | Noticed Sigmund
  3700 | D:3      | Killed Sigmund
  3700 | D:3      | Reached skill level 5 in Fighting
  3700 | D:3      | Reached skill level 5 in Dodging
  4059 | D:4      | Reached XP level 7. HP: 33/56 MP: 12/12
  4273 | D:4      | Reached ** piety under Kikubaaqudgha
  4277 | D:4      | Reached skill level 6 in Fighting
  4277 | D:4      | Reached skill level 6 in Dodging
  4474 | D:4      | Noticed Blork the orc
  4492 | D:4      | Killed Blork the orc
  4527 | D:4      | Reached skill level 7 in Dodging
  4706 | D:4      | Reached skill level 7 in Fighting
  5040 | D:4      | Reached skill level 4 in Spellcasting
  5047 | D:5      | Entered Level 5 of the Dungeon
  5099 | D:5      | Found a hazy altar of Hepliaklqana.
  5099 | D:5      | Found a bloodstained altar of Trog.
  5101 | D:5      | Noticed Menkaure
  5295 | D:5      | Found a staircase to the Ecumenical Temple.
  5345 | D:5      | Noticed Edmund
  5353 | D:5      | Reached skill level 1 in Hexes
  5373 | D:5      | Killed Edmund
  5373 | D:5      | Reached skill level 5 in Spellcasting
  5373 | D:5      | Reached skill level 2 in Hexes
  5373 | D:5      | Reached XP level 8. HP: 33/67 MP: 10/15
  5399 | D:5      | Reached skill level 3 in Hexes
  5399 | D:5      | Reached skill level 6 in Charms
  5447 | D:5      | Found a sacrificial altar of Ru.
  5606 | D:5      | Killed Menkaure
  5606 | D:5      | Reached skill level 6 in Spellcasting
  5606 | D:5      | Reached skill level 4 in Hexes
  6046 | D:5      | Reached skill level 7 in Charms
  6068 | D:5      | Reached skill level 5 in Hexes
  6452 | D:6      | Found Pups's Gadget Shop.
  6489 | D:6      | Reached skill level 7 in Spellcasting
  6611 | D:6      | Noticed Pikel
  6637 | D:6      | Killed Pikel
  6637 | D:6      | Reached skill level 8 in Spellcasting
  6637 | D:6      | Reached skill level 7 in Hexes
  6637 | D:6      | Reached XP level 9. HP: 71/72 MP: 16/21
  6744 | D:6      | Learned a level 3 spell: Regeneration
  6747 | D:6      | Found Rewk's Assorted Antiques.
  6753 | D:6      | Bought a pair of embroidered boots for 180 gold pieces
  6864 | D:6      | Reached skill level 4 in Armour
  6864 | D:6      | Reached skill level 3 in Necromancy
  6912 | D:6      | Found a runed door.
  6976 | D:6      | Reached skill level 4 in Necromancy
  7079 | D:6      | Reached skill level 5 in Armour
  7079 | D:6      | Reached skill level 5 in Necromancy
  7081 | D:6      | Reached *** piety under Kikubaaqudgha
  7081 | D:6      | Identified Kikubaaqudgha's Catalogue of Sinister Rituals (Kikubaaqudgha gifted it to you on level 6 of the Dungeon)
  7081 | D:6      | Received a gift from Kikubaaqudgha
  7232 | D:6      | Learned a level 3 spell: Confuse
  7502 | D:6      | Noticed Crazy Yiuf
  7506 | D:6      | Killed Crazy Yiuf
  7603 | D:7      | Reached skill level 6 in Armour
  7668 | D:7      | Reached skill level 6 in Necromancy
  7944 | D:7      | Reached skill level 7 in Armour
  7975 | D:7      | Reached skill level 7 in Necromancy
  7975 | D:7      | Reached XP level 10. HP: 79/79 MP: 18/22
  7980 | D:7      | Found a radiant altar of Vehumet.
  7980 | D:7      | Found a deep blue altar of Sif Muna.
  7981 | D:7      | Found a white marble altar of Elyvilon.
  8064 | D:7      | Reached skill level 1 in Stealth
  8064 | D:7      | Reached skill level 1 in Evocations
  8186 | D:7      | Reached skill level 2 in Stealth
  8186 | D:7      | Reached skill level 2 in Evocations
  8228 | D:7      | Reached skill level 3 in Evocations
  8324 | D:7      | Reached skill level 3 in Stealth
  8367 | D:7      | Reached skill level 4 in Evocations
  8381 | D:7      | Reached skill level 4 in Stealth
  8404 | D:7      | Noticed rexbael's ghost (novice HOFi)
  8417 | D:7      | Killed rexbael's ghost
  8417 | D:7      | Reached skill level 5 in Stealth
  8417 | D:7      | Reached skill level 5 in Evocations
  8420 | D:7      | Reached skill level 6 in Stealth
  8420 | D:7      | Reached skill level 6 in Evocations
  8706 | D:7      | HP: 19/79 [poisoned by an orc warrior]
  8710 | D:7      | HP: 8/79 [poisoned by an orc warrior]
  8719 | D:7      | HP: 19/79 [poisoned by an orc warrior]
  8724 | D:7      | HP: 15/79 [poisoned by an orc warrior]
  8729 | D:7      | HP: 12/79 [poisoned by an orc warrior]
  8734 | D:7      | HP: 10/79 [poisoned by an orc warrior]
  8739 | D:7      | HP: 9/79 [poisoned by an orc warrior]
  8746 | D:7      | HP: 9/79 [poisoned by an orc warrior]
  8754 | D:7      | HP: 9/79 [poisoned by an orc warrior]
  9391 | D:8      | Reached skill level 7 in Stealth
  9391 | D:8      | Reached skill level 7 in Evocations
  9436 | D:8      | Reached **** piety under Kikubaaqudgha
  9533 | D:7      | Reached skill level 8 in Long Blades
 10059 | D:8      | Found a staircase to the Lair.
 10408 | D:8      | Reached skill level 9 in Long Blades
 10799 | D:9      | Reached XP level 11. HP: 72/84 MP: 23/23
 10803 | D:9      | Learned a level 1 spell: Animate Skeleton
 11837 | D:10     | Entered Level 10 of the Dungeon
 12085 | D:10     | Noticed Erolcha
 12086 | D:10     | Paralysed by Erolcha for 2 turns
 12095 | D:10     | HP: 16/84 [Erolcha/fireball (22)]
 12452 | D:10     | Reached skill level 10 in Long Blades
 12666 | D:10     | Found a staircase to the Orcish Mines.
 12973 | D:10     | Reached ***** piety under Kikubaaqudgha
 13525 | D:11     | Killed an unseen horror
 13561 | D:11     | Noticed a cyan ugly thing
 13576 | D:11     | Got a jewelled morningstar
 13577 | D:11     | Identified the +9 morningstar of the Unliving {drain, Str+3} (You found it on level 11 of the Dungeon)
 13808 | D:11     | Reached skill level 1 in Maces & Flails
 13817 | D:11     | Killed a cyan ugly thing
 13817 | D:11     | Reached skill level 3 in Maces & Flails
 14160 | D:11     | Reached skill level 4 in Maces & Flails
 14170 | D:11     | Noticed a two-headed ogre
 14177 | D:11     | Killed a two-headed ogre
 14177 | D:11     | Reached skill level 6 in Maces & Flails
 14183 | D:11     | Noticed a purple ugly thing
 14201 | D:11     | Killed a purple ugly thing
 14201 | D:11     | Reached skill level 7 in Maces & Flails
 14323 | D:11     | Killed an unseen horror
 14469 | D:12     | Noticed Azrael
 14471 | D:12     | Reached skill level 8 in Maces & Flails
 14473 | D:12     | HP: 12/84 [Azrael/bolt of fire (40)]
 14473 | D:12     | HP: 1/84 [hell hound/blast of flame[Azrael] (11)]
 14836 | D:12     | Killed Azrael
 14836 | D:12     | Reached XP level 12. HP: 64/91 MP: 16/24
 14840 | D:12     | Reached skill level 9 in Maces & Flails
 15341 | D:12     | HP: 13/91 [cyclops/large rock (26)]
 15571 | D:12     | Noticed a centaur warrior
 15583 | D:12     | Killed a centaur warrior
 15583 | D:12     | Reached skill level 10 in Maces & Flails
 15884 | D:12     | Noticed Frances
 15905 | D:12     | Killed Frances
 16119 | D:12     | Reached skill level 8 in Armour
 16384 | D:11     | Reached skill level 8 in Dodging
 16533 | Lair:1   | Entered Level 1 of the Lair of Beasts
 16562 | Lair:1   | Reached skill level 8 in Fighting
 16610 | Lair:1   | Reached XP level 13. HP: 90/98 MP: 22/25
 16886 | Lair:1   | Noticed Erica
 16893 | Lair:1   | Killed Erica
 16981 | Lair:1   | Identified a scroll of acquirement
 16983 | Lair:1   | Got a blackened crystal plate armour
 17209 | Lair:1   | Noticed rexbael's ghost (journeyman HOMo)
 17230 | Lair:1   | Killed rexbael's ghost
 17414 | Lair:1   | Identified the +12 crystal plate armour of Fyshregro {Int+5} (You acquired it on level 1 of the Lair of Beasts)
 17445 | Lair:2   | Reached skill level 9 in Armour
 17641 | Lair:2   | Reached skill level 9 in Dodging
 17688 | Lair:2   | Reached skill level 9 in Fighting
 18495 | Lair:2   | You fall through a shaft for 2 floors!
 18913 | Lair:3   | Noticed Rupert
 18920 | Lair:3   | Killed Rupert
 18939 | Lair:3   | Noticed Nergalle
 18945 | Lair:3   | Killed Nergalle
 18953 | Lair:3   | Reached skill level 10 in Armour
 18981 | Lair:3   | Noticed Harold
 18990 | Lair:3   | Killed Harold
 19165 | Lair:3   | Found a hole to the Spider Nest.
 19185 | Lair:3   | Reached skill level 10 in Fighting
 19375 | Lair:3   | Found a staircase to the Shoals.
 19476 | Lair:3   | Reached XP level 14. HP: 101/110 MP: 19/26
 20062 | Lair:5   | Reached skill level 10 in Dodging
 20175 | Lair:5   | Found a viscous altar of Jiyva.
 20176 | Lair:5   | Found a staircase to the Slime Pits.
 20546 | Lair:5   | Learned a level 6 spell: Simulacrum
 20748 | Lair:5   | Reached skill level 1 in Ice Magic
 20754 | Lair:5   | Reached skill level 2 in Ice Magic
 20845 | Lair:6   | Entered Level 6 of the Lair of Beasts
 20864 | Lair:6   | Reached skill level 3 in Ice Magic
 21044 | Lair:5   | Reached skill level 4 in Ice Magic
 21204 | Lair:6   | Reached skill level 8 in Necromancy
 21204 | Lair:6   | Reached skill level 5 in Ice Magic
 21212 | Lair:6   | HP: 27/110 [death yak (14)]
 21414 | Lair:6   | Reached skill level 6 in Ice Magic
 21447 | Lair:6   | Got a steaming turquoise ring
 21498 | Lair:6   | Identified the ring "Imynn" {Wiz rF+ rN+++ Stlth+} (You found it on level 6 of the Lair of Beasts)
 21531 | Lair:6   | Reached skill level 9 in Spellcasting
 21671 | Lair:6   | Reached skill level 7 in Ice Magic
 21681 | Lair:6   | HP: 27/110 [yak (5)]
 21998 | Lair:5   | Reached ****** piety under Kikubaaqudgha
 22116 | Lair:6   | Found a runed door.
 22150 | Lair:6   | Reached skill level 9 in Necromancy
 22169 | Lair:6   | Reached XP level 15. HP: 73/115 MP: 13/28
 22229 | Lair:6   | Paralysed by a hornet for 3 turns
 22457 | Lair:6   | Reached skill level 8 in Ice Magic
 22975 | Lair:6   | Learned a level 5 spell: Dispel Undead
 22981 | Lair:6   | Learned a level 5 spell: Cigotuvi's Embrace
 23505 | Orc:1    | Entered Level 1 of the Orcish Mines
 23529 | Orc:1    | Noticed an orc warlord
 23561 | Orc:1    | HP: 26/115 [orc warrior/trident[an orc knight] (21)]
 23715 | Orc:1    | Found Yfoggeh's Distillery.
 23748 | Orc:1    | Bought 2 potions of heal wounds for 130 gold pieces
 23748 | Orc:1    | Bought a potion of heal wounds for 65 gold pieces
 23758 | Orc:1    | Killed an orc warlord
 23779 | Orc:1    | Found a frozen archway.
 23799 | IceCv    | Entered an ice cave
 23818 | IceCv    | Found a transporter.
 23880 | IceCv    | Learned a level 5 spell: Agony
 24002 | Orc:1    | Reached skill level 10 in Spellcasting
 24055 | Orc:1    | Noticed an orc warlord
 24070 | Orc:1    | Killed an orc warlord
 24070 | Orc:1    | Reached skill level 9 in Ice Magic
 24181 | Orc:1    | Found Erenume's Assorted Antiques.
 24191 | Orc:1    | Bought a potion of heal wounds for 145 gold pieces
 24329 | Orc:1    | Found Riotos's Book Emporium.
 24428 | Orc:1    | Found Iruhosed's Magic Scroll Shop.
 24462 | Orc:1    | Noticed an orc warlord
 24775 | Orc:1    | Killed an orc warlord
 24807 | Orc:1    | Found Wely's Armour Shop.
 24882 | Orc:1    | Reached skill level 10 in Necromancy
 24894 | Orc:1    | Noticed an orc warlord
 24933 | Orc:1    | Killed an orc warlord
 25287 | Orc:1    | Identified the Catalogue of the Earthen Arsonist
 25360 | Orc:2    | Entered Level 2 of the Orcish Mines
 25377 | Orc:2    | Found a staircase to the Elven Halls.
 25400 | Orc:2    | ANON1729: hi you are playing dcss.git what is the differernce to dcss0.20
 25400 | Orc:2    | MackTheKnife: GIT is the beta for newest release
 25400 | Orc:2    | MackTheKnife: so you get to experience all the weird stuff
 25492 | Orc:2    | Found Wezxoasoa's Jewellery Shop.
 25493 | Orc:2    | ANON1729: ah ok thx
 25508 | Orc:2    | Bought the ring of Qomotot {*Drain rPois MR+++ Int+7 Dex+4} for 819 gold pieces
 25679 | Orc:1    | Bought a dyed leather armour for 145 gold pieces
 26540 | Orc:2    | Reached skill level 10 in Ice Magic
 26725 | Orc:2    | Reached XP level 16. HP: 69/122 MP: 11/30
 26960 | Orc:2    | Found Wannopt's Food Shoppe.
 26960 | Orc:2    | Found Gonoronlu's Distillery.
 26962 | Orc:2    | Found Luett's Assorted Antiques.
 26964 | Orc:2    | Found Vinwuq's Food Shop.
 26970 | Orc:2    | Bought a potion of heal wounds for 75 gold pieces
 26970 | Orc:2    | Bought a potion of curing for 45 gold pieces
 26970 | Orc:2    | Bought a potion of curing for 45 gold pieces
 26976 | Orc:2    | Bought a potion of haste for 150 gold pieces
 26976 | Orc:2    | Bought a potion of agility for 60 gold pieces
 27400 | Spider:1 | Entered Level 1 of the Spider Nest
 27563 | D:13     | Noticed Josephine
 27574 | D:13     | Killed Josephine
 27694 | D:13     | Reached skill level 8 in Stealth
 27694 | D:13     | Reached skill level 8 in Evocations
 28222 | D:13     | Reached skill level 9 in Stealth
 28266 | D:13     | Got a warped chain mail
 28332 | D:13     | Found a gate to the Vaults.
 28712 | D:13     | Identified the +1 chain mail "Dyruath" {Int+3} (You took it off a human on level 13 of the Dungeon)
 29251 | D:14     | Reached skill level 1 in Shields
 29335 | D:14     | Reached skill level 2 in Shields
 29402 | D:14     | Reached skill level 3 in Shields
 29475 | D:14     | Reached skill level 4 in Shields
 29694 | D:15     | Entered Level 15 of the Dungeon
 29777 | D:15     | Reached skill level 5 in Shields
 29784 | D:15     | Reached skill level 6 in Shields
 29788 | D:15     | HP: 27/122 [two-headed ogre/giant club (13)]
 29797 | D:15     | Reached skill level 7 in Shields
 30060 | D:15     | Reached skill level 8 in Shields
 30134 | D:15     | HP: 24/122 [skeletal warrior/trident[a death knight] (15)]
 30141 | D:15     | HP: 4/122 [skeletal warrior/trident[a death knight] (18)]
 30547 | D:15     | Reached skill level 9 in Shields
 30552 | D:15     | Found a staircase to the Depths.
 31475 | Spider:1 | Reached XP level 17. HP: 124/128 MP: 26/31
 31903 | Spider:1 | Reached skill level 10 in Shields
 32499 | Spider:2 | Reached skill level 10 in Stealth
 32576 | Spider:2 | Noticed Aizul
 32597 | Spider:1 | HP: 23/128 [wolf spider (11)]
 32608 | Spider:1 | HP: 29/128 [demonic crawler (6)]
 32889 | Spider:2 | Noticed Arachne
 32902 | Spider:2 | Killed Arachne
 32906 | Spider:2 | Reached skill level 9 in Evocations
 32956 | Spider:2 | Killed Aizul
 34138 | Spider:3 | HP: 26/129 [jumping spider[a torpor snail] (8)]
 34143 | Spider:2 | HP: 19/129 [poisoned by a redback]
 34149 | Spider:2 | HP: 29/129 [jumping spider[a torpor snail] (5)]
 34296 | Spider:3 | Got a slimy hunting sling
 34352 | Spider:3 | Noticed Louise
 34364 | Spider:3 | Killed Louise
 35146 | Spider:3 | Reached skill level 11 in Fighting
 35534 | Spider:4 | Entered Level 4 of the Spider Nest
 35564 | Spider:4 | HP: 31/131 [wolf spider (7)]
 35912 | Spider:4 | HP: 22/131 [something (14)]
 35933 | Spider:4 | HP: 23/131 [something (9)]
 35939 | Spider:4 | HP: 13/131 [something (10)]
 35944 | Spider:4 | HP: 30/131 [something (8)]
 36313 | Spider:4 | Reached XP level 18. HP: 89/138 MP: 21/32
 36374 | Spider:4 | HP: 28/138 [something (10)]
 36375 | Spider:4 | HP: 13/138 [something (2)]
 36765 | Spider:4 | Got a gossamer rune of Zot
 36858 | Spider:3 | HP: 27/138 [spark wasp (14)]
 37240 | Vaults:1 | Entered Level 1 of the Vaults
 37495 | Vaults:1 | Found Resownoid's Jewellery Shoppe.
 37501 | Vaults:1 | Bought the amulet "Saenod" {rElec Regen+ Str-5 Int+2 Dex+7} for 1100 gold pieces
 37872 | Vaults:1 | Found Osasel's Assorted Antiques.
 37878 | Vaults:1 | Found a flickering gateway to a bazaar.
 37884 | Vaults:1 | Found Conoseh's Assorted Antiques.
 37888 | Bazaar   | Entered a bazaar
 37888 | Bazaar   | Found Ajevubbu's Distillery.
 37900 | Bazaar   | Found Jyotyf's General Store.
 37912 | Bazaar   | Found Ubbir's Book Emporium.
 37924 | Bazaar   | Found Fatai's Antique Armour Boutique.
 37930 | Bazaar   | Bought a jewelled leather armour for 154 gold pieces
 37930 | Bazaar   | Bought a silken robe for 125 gold pieces
 37940 | Bazaar   | Identified the +2 leather armour of Bixadus {rElec} (You bought it in a shop in a bazaar)
 37950 | Bazaar   | Identified the cursed +0 robe of Qigim {+Fly rElec Stlth+} (You bought it in a shop in a bazaar)
 38606 | Vaults:1 | Reached skill level 12 in Fighting
 39047 | Vaults:1 | Paralysed by a hornet for 2 turns
 39081 | Vaults:1 | HP: 32/140 [orc priest/divine providence[an orc knight] (10)]
 39187 | Vaults:1 | HP: 28/140 [yaktaur/bolt (28)]
 39193 | Vaults:1 | HP: 35/140 [yaktaur (7)]
 39202 | Vaults:1 | HP: 29/140 [orc priest/divine providence[an orc knight] (12)]
 39207 | Vaults:1 | HP: 25/140 [yaktaur (7)]
 39432 | Vaults:1 | Found Jiah's Assorted Antiques.
 39456 | Vaults:1 | Noticed Nikola
 39468 | Vaults:1 | Killed Nikola
 39972 | Vaults:1 | Noticed Jorgrun
 39984 | Vaults:1 | Killed Jorgrun
 39984 | Vaults:1 | Reached XP level 19. HP: 131/147 MP: 11/33
 40749 | Vaults:1 | HP: 37/148 [smoke demon/divine providence[an ironheart preserver] (11)]
 40750 | Vaults:1 | HP: 12/148 [deep elf knight/shard of ice[an ironheart preserver] (26)]
 41104 | Shoals:1 | Entered Level 1 of the Shoals
 41809 | Shoals:3 | Found Ymaac's Book Boutique.
 42600 | Vaults:1 | Bought a bloodstained lajatang for 700 gold pieces
 42600 | Vaults:1 | Identified the +4 lajatang "Sarcophage" {flame, *Rage Int+7 Dex+2 Stlth+} (You bought it in a shop on level 1 of the Vaults)
 42754 | D:13     | Reached skill level 1 in Staves
 42836 | D:13     | Reached skill level 2 in Staves
 42994 | D:10     | Killed Erolcha
 42994 | D:10     | Reached skill level 3 in Staves
 43514 | Shoals:3 | Reached skill level 4 in Staves
 43776 | Shoals:3 | Found Beomek's Weapon Shop.
 43845 | Shoals:4 | Entered Level 4 of the Shoals
 43860 | Shoals:4 | Noticed Ilsuiw
 43860 | Shoals:4 | Noticed Angani's ghost (adept DrIE)
 43926 | Shoals:3 | Noticed Bai Suzhen
 43956 | Shoals:3 | Killed Bai Suzhen
 43956 | Shoals:3 | Reached skill level 6 in Staves
 44124 | Shoals:3 | Found Nigurchot's Antique Weapon Shoppe.
 44303 | D:9      | Learned a level 1 spell: Apportation
 44604 | Shoals:3 | Reached skill level 7 in Staves
 44946 | Shoals:4 | Got a barnacled rune of Zot
 44971 | Shoals:4 | HP: 29/148 [water nymph/the raging water (12)]
 45453 | Vaults:2 | Upgraded the game from 0.21-a0-55-gb612c23 to 0.21-a0-58-g625dad4
 45549 | Vaults:2 | Found a staircase to the Crypt.
 45602 | Vaults:2 | Found Muasa's Assorted Antiques.
 45894 | Vaults:2 | HP: 23/148 [orc warrior/glaive[an orc knight] (20)]
 46072 | Vaults:2 | Found Gisez's Armour Shoppe.
 46243 | Vaults:2 | Found Neurhaott's Food Shop.
 46467 | Vaults:2 | Reached skill level 11 in Dodging
 46508 | Vaults:2 | Reached XP level 20. HP: 142/155 MP: 9/34
 46763 | Vaults:2 | HP: 34/155 [vault guard/war axe[a vault warden] (24)]
 46896 | Vaults:2 | HP: 16/155 [stone giant/large rock[a boggart] (26)]
 46898 | Vaults:2 | Found Milaaf's Antique Weapon Shoppe.
 46901 | Vaults:2 | HP: 15/155 [stone giant/large rock[a boggart] (3)]
 46907 | Vaults:1 | HP: 21/155 [poisoned by a redback]
 48670 | Vaults:3 | HP: 32/155 [flayed ghost/flay_damage (17)]
 48680 | Vaults:3 | HP: 12/155 [rakshasa/orb of energy (19)]
 49302 | Vaults:3 | Reached skill level 12 in Dodging
 49488 | Vaults:3 | Reached skill level 13 in Fighting
 49902 | Vaults:2 | Bought a scroll of teleportation for 96 gold pieces
 50396 | Vaults:3 | Noticed an iron giant
 50396 | Vaults:3 | an iron dragon changed into an iron giant
 50400 | Vaults:3 | Noticed a golden dragon
 50400 | Vaults:3 | an iron giant changed into a golden dragon
 50402 | Vaults:3 | a golden dragon changed into an iron troll
 51120 | Vaults:4 | Reached skill level 11 in Maces & Flails
 51494 | Vaults:4 | Noticed kroki's ghost (adept GnBe)
 51507 | Vaults:4 | Reached XP level 21. HP: 126/162 MP: 18/35
 51510 | Vaults:4 | Killed kroki's ghost
 52501 | D:9      | Learned a level 5 spell: Metabolic Englaciation
 52504 | D:9      | Learned a level 2 spell: Blink
 52605 | Orc:1    | Bought a scroll of teleportation for 45 gold pieces
 52605 | Orc:1    | Bought a scroll of fear for 52 gold pieces
 52752 | D:6      | Bought a scroll of teleportation for 72 gold pieces
 52752 | D:6      | Bought a scroll of fog for 48 gold pieces
 52930 | Elf:1    | Entered Level 1 of the Elven Halls
 53890 | Elf:1    | Identified the Tome of Necromancy
 54388 | Elf:2    | Found Caugytiu's Weapon Shop.
 54710 | Elf:2    | Found a runed gate.
 54711 | Elf:2    | Found a runed gate.
 54713 | Elf:2    | Found a runed gate.
 54971 | Elf:3    | Entered Level 3 of the Elven Halls
 55042 | Elf:3    | Found Fafoipp's Jewellery Shop.
 55333 | Elf:3    | Got a scorched granite ring
 55350 | Elf:3    | Identified the ring "Obruz" {rC+ Int+4} (You found it on level 3 of the Elven Halls)
 55654 | Elf:3    | Found a deep blue altar of Sif Muna.
 56223 | Elf:3    | Reached skill level 11 in Armour
 56704 | Elf:3    | Reached skill level 1 in Polearms
 56706 | Elf:3    | Got a shimmering crystal amulet
 56729 | Elf:3    | Reached skill level 2 in Polearms
 56749 | Elf:3    | Reached skill level 3 in Polearms
 56749 | Elf:3    | Reached XP level 22. HP: 149/169 MP: 19/36
 56882 | Elf:3    | Reached skill level 4 in Polearms
 56906 | Elf:3    | Reached skill level 5 in Polearms
 56916 | Elf:3    | Got a blackened demon whip {venom}
 56917 | Elf:3    | Identified the amulet "Senwoulo" {Faith +Blink rElec Str+2 Dex-5} (You took it off a deep elf archer on level 3 of the Elven Halls)
 56918 | Elf:3    | Identified the +9 demon whip "Hulk" {venom, rN+} (You took it off a deep elf sorcerer on level 3 of the Elven Halls)
 57065 | Elf:3    | Reached skill level 6 in Polearms
 57206 | Elf:3    | Reached skill level 7 in Polearms
 57209 | Elf:3    | Got a twitching bronze amulet
 57533 | Depths:1 | Entered Level 1 of the Depths
 58382 | Shoals:2 | Identified the Tome of Flamy Poison
 58792 | Shoals:4 | Cast into level 2 of the Abyss (merfolk impaler)
 58849 | Abyss:2  | Found a radiant altar of Vehumet.
 59122 | Abyss:3  | Found a corrupted altar of Lugonu.
 59244 | Abyss:3  | HP: 38/170 [starcursed mass/accursed screaming (7)]
 59253 | Abyss:3  | HP: 35/170 [meliai/divine providence (8)]
 59253 | Abyss:3  | HP: 16/170 [green very ugly thing (8)]
 59259 | Abyss:3  | Killed from afar by a wretched star

Vault maps used:
D:1:      saegor_arrival_simple_f
D:2:      grunt_temple_overflow_opulence, grunt_ministairs_5,
          serial_park_tiny_pond, kennysheep_generic_room_7
D:3:      overflow_temple_1_default, chequers_ecumenical_altar_simple_redux,
          lightli_sewer_entry_pipes, grunt_ministairs_6, minmay_goblin_outpost,
          uniq_sigmund
D:4:      minmay_opposing_rooms, uniq_blork_the_orc
D:5:      nicolae_ru_awakened_eye, chequers_temple_overflow_statue_of_worship,
          temple_green, first_bread, uniq_menkaure, uniq_edmund
D:6:      serial_shops, shop_statue,
          nicolae_shop_temple_entry_statues_fountains, lemuel_flamethrower_2,
          uniq_pikel, uniq_crazy_yiuf_cottage
D:7:      grunt_temple_overflow_open, bh_walls_and_bars
D:8:      minmay_lair_entry_lava, the_bakery, minmay_misc_feat_rugged
D:10:     david_orc_1_choice, serial_bayou, serial_bayou_pond_c,
          serial_bayou_lake_a, serial_bayou_lagoon_a, serial_bayou_crossing,
          solitary_fountain, uniq_erolcha
D:12:     spider_trap, hangedman_abyss_or_decor_passed,
          minmay_the_grid_square_5x5_3x3_mashed, uniq_frances, uniq_azrael
D:13:     grunt_vaults_entry_tiered, serial_curves, eino_curves_03,
          eino_curves_03, uniq_josephine
D:14:     minmay_misc_feat_columns
D:15:     grunt_enter_depths_hoard, grunt_decor_mini_mirrors
Lair:1:   st_stairs_10, uniq_erica
Lair:3:   elwin_shoals_entry_rocks, nicolae_spider_entry_orb_guardian,
          st_stairs_11, uniq_rupert, uniq_harold, uniq_nergalle
Lair:4:   serial_bayou_pond_a
Lair:5:   slime_altar_1, nicolae_quartered_pool_medium
Lair:6:   hangedman_lair_caniforms_friends, wormcave
Shoals:2: overgrown_tower
Shoals:3: serial_shops, shop, shop, nicolae_shop_overgrown_old_shop,
          uniq_bai_suzhen
Shoals:4: shoals_end_grunt_garden, shoal_ilsuiw
Spider:2: uniq_aizul, uniq_arachne
Spider:3: hangedman_spider_tarantella_strand, uniq_louise
Spider:4: grunt_spider_rune_circles, uniq_asterion
Orc:1:    cheibrodos_orc_guarddog, serial_shops, shop_fountains,
          nicolae_shop_statue_plus, shop, nicolae_shop_behind_doors,
          nicolae_shop_temple_entry_statues_fountains,
          portal_ice_cave_demonic_guard, minmay_orc_treasury
Orc:2:    st_orc_rangers, serial_shops, shop
Elf:1:    minmay_elf_necromancy
Elf:2:    serial_shops, shop
Elf:3:    minmay_elf_hall_quartered_circle, basic_altar,
          minmay_shop_grid_forest, basic_stair_grate_trap
Vaults:1: hangedman_vaults_stretched_pinwheel, v_rooms_6,
          nicolae_vaults_triangles, nicolae_vaults_theta, vaults_dpeg_ring,
          v_misc_9, ontoclasm_vaults_tryst, vaults_room_large_hall,
          v_alt_pattern_6, v_misc_23, v_misc_8, nicolae_vaults_circle_grid_b,
          v_misc_31, nicolae_vaults_windows_and_doors_thing, v_alt_pattern_4,
          st_check, vaults_room_door_ring, serial_shops, bzr_entry_water, shop,
          nicolae_shop_statue_plus, nicolae_shop_trees, shop, uniq_nikola,
          uniq_jorgrun
Vaults:2: minmay_crypt_entry_nasty_monster, grunt_vaults_swirl, v_pattern_1,
          vaults_room_grid, nicolae_vaults_big_ls, ontoclasm_vaults_gateway,
          v_rooms_3, hangedman_vaults_river_flow, hangedman_vaults_impose,
          vaults_room_boxed, vaults_room_fancy_cross,
          nicolae_vaults_ring_of_whatevers, nicolae_vaults_little_squares_3,
          nicolae_vaults_rhombus_5, serial_shops, nicolae_shop_stone, shop,
          nicolae_shop_statue_plus, shop
Vaults:3: nicolae_vaults_little_squares_4, nicolae_vaults_disjoint_gnomons,
          v_pattern_4, vaults_room_grid, hangedman_vaults_slither,
          vaults_room_fours, st_more_cells
Vaults:4: v_misc_26, v_misc_9, nicolae_vaults_alarming,
          hangedman_vaults_stitches, grunt_vaults_focal, grunt_vaults_diagonal,
          ontoclasm_vaults_pinch, hangedman_vaults_locks, v_misc_2,
          v_alt_pattern_3, nicolae_vaults_circle_grid_b,
          ontoclasm_vaults_ring_small
Depths:1: hellmouth_3, kennysheep_pointless_box, spider_trap,
          kennysheep_generic_room_16
Abyss:2:  minivault_28
Bazaar:   bazaar_kb_twisted_cavern
IceCv:    ice_cave_statue_garden_teleport

Skill      XL: |  1  2  3  4  5  6  7  8  9 10 11 12 13 14 15 16 17 18 19 20 21 22 |
---------------+-------------------------------------------------------------------+-----
Long Blades    | 4 5 6 7 9 10 | 10.0
Charms         | 5 7 |  7.0
Dodging        | 5 7 8 9 10 11 12 | 12.0
Fighting       | 5 7 8 10 11 12 13 | 13.4
Spellcasting   | 5 8 9 10 | 10.0
Hexes          | 2 7 |  7.3
Armour         | 7 8 10 11 | 11.3
Necromancy     | 7 9 10 | 10.0
Stealth        | 7 9 10 | 10.1
Evocations     | 7 8 9 |  9.1
Maces & Flails | 8 10 11 | 11.8
Ice Magic      | 7 10 | 10.0
Shields        | 9 10 | 10.1
Staves         | 7 |  7.9
Polearms       | 3 7 |  7.8

Action                   |  1- 3 |  4- 6 |  7- 9 | 10-12 | 13-15 | 16-18 | 19-21 | 22-24 || total
-------------------------+-------+-------+-------+-------+-------+-------+-------+-------++-------
Melee: Falchion          |    98 |   284 |    27 |       |       |       |       |       ||   409
       Bite              |    13 |    34 |    45 |    77 |   133 |   199 |   347 |    68 ||   916
       Long sword        |       |       |   293 |   351 |       |       |       |       ||   644
       Great sword       |       |       |       |   119 |       |       |       |       ||   119
       Morningstar       |       |       |       |   207 |  1139 |  1492 |  1643 |   290 ||  4771
       Lajatang          |       |       |       |       |       |       |   157 |       ||   157
Throw: Throwing net      |       |     1 |       |       |       |       |       |       ||     1
 Cast: Spectral Weapon   |       |       |    17 |    45 |    86 |    89 |   107 |    21 ||   365
       Confuse           |       |       |       |     8 |     2 |     8 |    19 |       ||    37
       Regeneration      |       |       |       |     9 |    10 |    30 |    48 |    14 ||   111
       Infusion          |       |       |       |     1 |     1 |       |       |       ||     2
       Animate Skeleton  |       |       |       |     1 |       |       |       |       ||     1
       Simulacrum        |       |       |       |       |     8 |    57 |    71 |     5 ||   141
       Dispel Undead     |       |       |       |       |       |    12 |    19 |     7 ||    38
       Cigotuvi's Embrac |       |       |       |       |       |       |    19 |     4 ||    23
       Apportation       |       |       |       |       |       |       |     2 |       ||     2
       Agony             |       |       |       |       |       |       |    16 |       ||    16
Invok: Receive Corpses   |       |       |       |       |     4 |    15 |    45 |     5 ||    69
Evoke: Wand              |       |       |       |     7 |       |       |     3 |     3 ||    13
       Fan of gales      |       |       |       |       |       |     1 |     1 |       ||     2
       Phial of floods   |       |       |       |       |       |       |     4 |     1 ||     5
       Sack of spiders   |       |       |       |       |       |       |     1 |       ||     1
  Use: Scroll            |       |     7 |    11 |    17 |    14 |    26 |    20 |     5 ||   100
       Potion            |       |     1 |     1 |     4 |     4 |    16 |    14 |     8 ||    48
 Stab: Distracted        |       |       |     1 |     7 |    11 |    21 |    31 |     4 ||    75
       Confused          |       |       |       |     8 |       |     2 |     4 |       ||    14
       Sleeping          |       |       |       |     5 |     8 |    25 |    20 |     4 ||    62
       Invisible         |       |       |       |       |       |       |    12 |       ||    12
       Paralysed         |       |       |       |       |       |       |     5 |       ||     5
  Eat: Chunk             |       |    11 |     9 |    10 |    22 |    10 |    70 |    10 ||   142
       Bread ration      |       |       |     2 |     4 |     3 |     9 |     3 |       ||    21
       Fruit             |       |       |     1 |     4 |     1 |     1 |     5 |     3 ||    15
       Meat ration       |       |       |       |     1 |     1 |     4 |     2 |       ||     8
       Royal jelly       |       |       |       |       |       |     1 |     3 |     1 ||     5
Armor: Leather armour    |    13 |       |       |       |    30 |   682 |    56 |       ||   781
       Ring mail         |    30 |   129 |    98 |   108 |       |       |   409 |    71 ||   845
       Scale mail        |       |       |       |   232 |   581 |       |       |       ||   813
       Crystal plate arm |       |       |       |       |   188 |       |       |       ||   188
Dodge: Dodged            |    61 |   173 |   204 |   477 |  1175 |  1598 |  1294 |   196 ||  5178
Block: Buckler           |       |       |       |       |       |   575 |   665 |   143 ||  1383
       Rpst.: Falchion   |    22 |    56 |     5 |       |       |       |       |       ||    83
       Long sword        |       |       |    73 |    75 |       |       |       |       ||   148
       Great sword       |       |       |       |    25 |       |       |       |       ||    25

Vault maps used:
D:1:      saegor_arrival_simple_f
D:2:      grunt_temple_overflow_opulence, grunt_ministairs_5,
          serial_park_tiny_pond, kennysheep_generic_room_7
D:3:      overflow_temple_1_default, chequers_ecumenical_altar_simple_redux,
          lightli_sewer_entry_pipes, grunt_ministairs_6, minmay_goblin_outpost,
          uniq_sigmund
D:4:      minmay_opposing_rooms, uniq_blork_the_orc
D:5:      nicolae_ru_awakened_eye, chequers_temple_overflow_statue_of_worship,
          temple_green, first_bread, uniq_menkaure, uniq_edmund
D:6:      serial_shops, shop_statue,
          nicolae_shop_temple_entry_statues_fountains, lemuel_flamethrower_2,
          uniq_pikel, uniq_crazy_yiuf_cottage
D:7:      grunt_temple_overflow_open, bh_walls_and_bars
D:8:      minmay_lair_entry_lava, the_bakery, minmay_misc_feat_rugged
D:10:     david_orc_1_choice, serial_bayou, serial_bayou_pond_c,
          serial_bayou_lake_a, serial_bayou_lagoon_a, serial_bayou_crossing,
          solitary_fountain, uniq_erolcha
D:12:     spider_trap, hangedman_abyss_or_decor_passed,
          minmay_the_grid_square_5x5_3x3_mashed, uniq_frances, uniq_azrael
D:13:     grunt_vaults_entry_tiered, serial_curves, eino_curves_03,
          eino_curves_03, uniq_josephine
D:14:     minmay_misc_feat_columns
D:15:     grunt_enter_depths_hoard, grunt_decor_mini_mirrors
Lair:1:   st_stairs_10, uniq_erica
Lair:3:   elwin_shoals_entry_rocks, nicolae_spider_entry_orb_guardian,
          st_stairs_11, uniq_rupert, uniq_harold, uniq_nergalle
Lair:4:   serial_bayou_pond_a
Lair:5:   slime_altar_1, nicolae_quartered_pool_medium
Lair:6:   hangedman_lair_caniforms_friends, wormcave
Shoals:2: overgrown_tower
Shoals:3: serial_shops, shop, shop, nicolae_shop_overgrown_old_shop,
          uniq_bai_suzhen
Shoals:4: shoals_end_grunt_garden, shoal_ilsuiw
Spider:2: uniq_aizul, uniq_arachne
Spider:3: hangedman_spider_tarantella_strand, uniq_louise
Spider:4: grunt_spider_rune_circles, uniq_asterion
Orc:1:    cheibrodos_orc_guarddog, serial_shops, shop_fountains,
          nicolae_shop_statue_plus, shop, nicolae_shop_behind_doors,
          nicolae_shop_temple_entry_statues_fountains,
          portal_ice_cave_demonic_guard, minmay_orc_treasury
Orc:2:    st_orc_rangers, serial_shops, shop
Elf:1:    minmay_elf_necromancy
Elf:2:    serial_shops, shop
Elf:3:    minmay_elf_hall_quartered_circle, basic_altar,
          minmay_shop_grid_forest, basic_stair_grate_trap
Vaults:1: hangedman_vaults_stretched_pinwheel, v_rooms_6,
          nicolae_vaults_triangles, nicolae_vaults_theta, vaults_dpeg_ring,
          v_misc_9, ontoclasm_vaults_tryst, vaults_room_large_hall,
          v_alt_pattern_6, v_misc_23, v_misc_8, nicolae_vaults_circle_grid_b,
          v_misc_31, nicolae_vaults_windows_and_doors_thing, v_alt_pattern_4,
          st_check, vaults_room_door_ring, serial_shops, bzr_entry_water, shop,
          nicolae_shop_statue_plus, nicolae_shop_trees, shop, uniq_nikola,
          uniq_jorgrun
Vaults:2: minmay_crypt_entry_nasty_monster, grunt_vaults_swirl, v_pattern_1,
          vaults_room_grid, nicolae_vaults_big_ls, ontoclasm_vaults_gateway,
          v_rooms_3, hangedman_vaults_river_flow, hangedman_vaults_impose,
          vaults_room_boxed, vaults_room_fancy_cross,
          nicolae_vaults_ring_of_whatevers, nicolae_vaults_little_squares_3,
          nicolae_vaults_rhombus_5, serial_shops, nicolae_shop_stone, shop,
          nicolae_shop_statue_plus, shop
Vaults:3: nicolae_vaults_little_squares_4, nicolae_vaults_disjoint_gnomons,
          v_pattern_4, vaults_room_grid, hangedman_vaults_slither,
          vaults_room_fours, st_more_cells
Vaults:4: v_misc_26, v_misc_9, nicolae_vaults_alarming,
          hangedman_vaults_stitches, grunt_vaults_focal, grunt_vaults_diagonal,
          ontoclasm_vaults_pinch, hangedman_vaults_locks, v_misc_2,
          v_alt_pattern_3, nicolae_vaults_circle_grid_b,
          ontoclasm_vaults_ring_small
Depths:1: hellmouth_3, kennysheep_pointless_box, spider_trap,
          kennysheep_generic_room_16
Abyss:2:  minivault_28
Bazaar:   bazaar_kb_twisted_cavern
IceCv:    ice_cave_statue_garden_teleport

Table legend:
 A = Turns spent in this place as a percentage of turns spent in the entire game.
 B = Non-inter-level travel turns spent in this place as a percentage of non-inter-level travel turns spent in the entire game.
 C = Inter-level travel turns spent in this place as a percentage of turns spent in this place.
 D = Turns resting spent in this place as a percentage of non-inter-level travel turns spent in this place.
 E = Turns spent auto-exploring this place as a percentage of non-inter-level travel turns spent in this place.
 F = Non-inter-level travel turns spent in this place divided by the number of levels of this place that you've seen.
                   A       B       C       D       E      F
               +-------+-------+-------+-------+-------+----------------------
         Total | 100.0 | 100.0 |   0.6 |   2.9 |   5.0 | 517.8
       Dungeon |  27.7 |  27.6 |   1.1 |   3.3 |   7.6 | 409.5
          Lair |  10.0 |  10.0 |   0.6 |   3.5 |   7.3 | 372.3
        Shoals |   9.2 |   9.2 |   0.9 |   3.5 |   0.3 | 513.0
   Spider Nest |   9.9 |   9.9 |   0.5 |   3.6 |   2.4 | 553.5
  Orcish Mines |   6.8 |   6.8 |   0.6 |   2.2 |   7.9 | 756.5
   Elven Halls |  10.2 |  10.3 |   0.2 |   1.8 |   2.6 | 762.0
        Vaults |  22.1 |  22.2 |   0.3 |   2.7 |   4.7 | 1236.0
        Depths |   0.8 |   0.8 |   0.0 |   0.0 |   0.0 | 187.0
         Abyss |   2.4 |   2.4 |   0.0 |   0.0 |   0.0 | 267.0
        Bazaar |   0.3 |   0.3 |   0.0 |   0.0 |   0.0 |  62.0
      Ice Cave |   0.4 |   0.4 |   0.0 |   6.1 |   0.0 |  98.0
               +-------+-------+-------+-------+-------+----------------------

Table legend:
 A = Kills in this place as a percentage of kills in entire the game.
 B = Kills by you in this place as a percentage of kills by you in the entire game.
 C = Kills by friends in this place as a percentage of kills by friends in the entire game.
 D = Other kills in this place as a percentage of other kills in the entire game.
 E = Experience gained in this place as a percentage of experience gained in the entire game.
 F = Experience gained in this place divided by the number of levels of this place that you have seen.
                   A       B       C       D       E      F
               +-------+-------+-------+-------+-------+----------------------
         Total | 100.0 | 100.0 | 100.0 | 100.0 | 100.0 | 14988.2
       Dungeon |  28.6 |  32.2 |   0.5 |  33.3 |  13.1 | 5645.0
          Lair |  12.9 |  14.6 |   0.0 |   0.0 |  11.8 | 12652.0
        Shoals |   4.9 |   3.9 |  13.0 |   0.0 |   6.3 | 10121.8
   Spider Nest |  11.1 |   7.9 |  35.8 |   0.0 |  10.4 | 16711.2
  Orcish Mines |  10.5 |  11.2 |   5.1 |  16.7 |   4.3 | 13831.0
   Elven Halls |   6.9 |   7.3 |   4.2 |  16.7 |  14.8 | 31697.7
        Vaults |  21.5 |  20.0 |  33.5 |  33.3 |  35.1 | 56524.5
        Depths |   0.5 |   0.5 |   0.0 |   0.0 |   1.7 | 10636.0
         Abyss |   2.5 |   1.8 |   7.9 |   0.0 |   2.2 | 7155.5
      Ice Cave |   0.5 |   0.6 |   0.0 |   0.0 |   0.4 | 2772.0
               +-------+-------+-------+-------+-------+----------------------
